AoeStats
← 476114897

Arena

510114288Analyzed
1v1 RM · 2d ago on Sep 29, 2026· 33m 17s· 2 players
Game mode
Random Map
Map size
Tiny (2 player)
Population
200
Speed
Normal
Resources
Standard
Victory
Conquest
Starting age
Dark Age
Ending age
Imperial Age
RankedLock teamsTeams togetherTeam positionsShared explorationLock speedFull tech treeHidden civsTurbo modeCheats
Victory
Defeat
🇨🇳 Cumans · China
1358
+15
🇺🇸 Tatars · United States
1344
-15
mertcelebi93
10:50 Feudal Age
14:30 Castle Age
12:36 Double-Bit Axe
12:49 Horse Collar
16:02 Bow Saw
18:01 Heavy Plow
23:37 Wheelbarrow
22:52 Town Watch
23:12 Loom
25:42 Hand Cart
26:02 Gold Mining
26:03 Stone Mining
27:32 Fletching
28:02 Padded Archer Armor
30:52 Imperial Age
28:24 Town Patrol
29:39 Ballistics
31:16 Heavy Cavalry Archer
31:54 Bodkin Arrow
33:13 Bloodlines
33:04 Husbandry
32:46 Crossbowman
33:28 Bracer
33:44 Leather Archer Armor
476114897
9:11 Feudal Age
11:23 Horse Collar
11:30 Double-Bit Axe
16:29 Loom
20:50 Castle Age
19:30 Gold Mining
21:27 Wheelbarrow
21:13 Light Cavalry
22:03 Town Watch
23:11 Fletching
28:12 Imperial Age
26:36 Bodkin Arrow
28:12 Bloodlines
28:10 Thumb Ring
28:10 Padded Archer Armor
28:16 Scale Barding Armor
28:15 Stone Mining
30:13 Chain Barding Armor
30:04 Forging
31:05 Chemistry
31:38 Plate Barding Armor
31:26 Hussar
32:45 Iron Casting
32:14 Steppe Husbandry
Connection lost

Rejoining the realm…

Still unreachable

The connection could not be restored.

Session expired

The server has moved on; the page needs a fresh start.